 Dungeon Crawl Stone Soup version 0.24.0-13-gcf9b3192b9 (webtiles) character file.

Game seed: 14167836817393949590, levelgen mode: deterministic

26506 Aviak the Destroyer (level 13, -7/98 HPs)
             Began as a Gnoll Conjurer on Nov 5, 2019.
             Was a High Priest of Vehumet.
             Mangled by a spiny frog (12 damage)
             ... on level 6 of the Lair of Beasts.
             The game lasted 00:43:06 (11561 turns).

Aviak the Destroyer (Gnoll Conjurer)               Turns: 11561, Time: 00:43:07

Health: -7/98      AC: 14    Str: 11    XL:     13   Next: 26%
Magic:  6/35       EV: 16    Int: 23    God:    Vehumet [*****.]
Gold:   665        SH:  6    Dex: 18    Spells: 8/31 levels left

rFire    . . .     SeeInvis .   g - +2 short sword (venom)
rCold    + . .     Gourm    .   B - +0 buckler
rNeg     . . .     Faith    .   S - +3 ring mail {rC+}
rPois    .         Spirit   .   y - +1 hat
rElec    .         Reflect  .   a - +0 cloak
rCorr    .         Harm     .   e - +0 pair of gloves
MR       .....                  q - +0 pair of boots
Stlth    ++++......             d - amulet of magic regeneration
HPRegen  1.26/turn              m - +3 ring of intelligence
MPRegen  0.49/turn              V - ring of magical power

@: lethally poisoned (-7 -> -8), very slightly contaminated, regenerating
A: distributed training, fangs 1, strong nose
a: Renounce Religion


You were on level 6 of the Lair of Beasts.
You worshipped Vehumet.
Vehumet was extremely pleased with you.
You were very hungry.

You visited 2 branches of the dungeon, and saw 15 of its levels.
You also visited: Sewer and Bailey.

You collected 792 gold pieces.
You spent 127 gold pieces at shops.

Inventory:

Hand Weapons
 g - a +2 short sword of venom (weapon)
 D - a +0 broad axe
Armour
 a - a +0 cloak (worn)
 e - a +0 pair of gloves (worn)
 f - a +2 ring mail of magic resistance
 k - a +0 shield
 q - a +0 pair of boots (worn)
 y - a +1 hat (worn)
 B - a +0 buckler (worn)
 S - a +3 ring mail of cold resistance (worn)
Jewellery
 d - an amulet of magic regeneration (around neck)
 m - a +3 ring of intelligence (left hand)
 C - an uncursed ring of protection from cold
 E - an uncursed ring of flight
 V - a ring of magical power (right hand)
Wands
 h - a wand of iceblast (27)
 p - a wand of flame (21)
 K - a wand of enslavement (9)
 L - a wand of digging (6)
 M - a wand of scattershot (1)
 T - a wand of random effects (16)
Scrolls
 i - 4 scrolls of identify
 o - a scroll of amnesia
 r - 4 scrolls of remove curse
 s - 3 scrolls of summoning {!r}
 t - 3 scrolls of teleportation
 w - 6 scrolls of magic mapping
 x - 3 scrolls of blinking
 N - a scroll of brand weapon
 P - a scroll of fear
 R - 2 scrolls of immolation
Potions
 b - a potion of mutation {!q}
 c - 2 potions of curing
 j - 4 potions of brilliance
 l - a potion of cancellation
 n - 2 potions of ambrosia
 u - 6 potions of might
 z - 3 potions of flight
 G - a potion of experience {unknown}
 H - a potion of berserk rage {unknown}
 I - a potion of haste {unknown}
 J - a potion of heal wounds {unknown}
 O - a potion of lignification {unknown}
 Q - a potion of agility
Comestibles
 F - 24 rations


   Skills:
 + Level 8.0 Fighting
 + Level 8.0 Short Blades
 + Level 8.0 Long Blades
 + Level 8.0 Axes
 + Level 8.0 Maces & Flails
 + Level 8.0 Polearms
 + Level 8.0 Staves
 + Level 8.0 Slings
 + Level 8.0 Bows
 + Level 8.0 Crossbows
 + Level 8.0 Throwing
 + Level 8.0 Armour
 + Level 9.3 Dodging
 + Level 9.1 Stealth
 + Level 8.0 Shields
 + Level 8.0 Unarmed Combat
 + Level 9.5 Spellcasting
 + Level 9.8 Conjurations
 + Level 6.6 Hexes
 + Level 6.6 Charms
 + Level 6.6 Summonings
 + Level 6.6 Necromancy
 + Level 6.6 Translocations
 + Level 6.6 Transmutations
 + Level 6.6 Fire Magic
 + Level 6.6 Ice Magic
 + Level 6.6 Air Magic
 + Level 6.6 Earth Magic
 + Level 6.6 Poison Magic
 + Level 8.7 Invocations
 + Level 8.0 Evocations


You had 8 spell levels left.
You knew the following spells:

 Your Spells              Type           Power        Failure   Level  Hunger
a - Magic Dart            Conj           ####         1%          1    None
b - Searing Ray           Conj           ######       1%          2    None
c - Iskenderun's Mystic   Conj           ######..     1%          4    ##.....
d - Fulminant Prism       Conj/Hex       #####.....   1%          4    ##.....
e - Dazzling Spray        Conj/Hex       #####.       1%          3    None
f - Confuse               Hex            #####...     2%          3    None
g - Regeneration          Chrm/Necr      #####.....   2%          3    None
w - Inner Flame           Hex/Fire       #####...     1%          3    None

Your spell library contained the following spells:

 Spells                   Type           Power        Failure   Level  Hunger
 Ozocubu's Refrigeration  Ice            #####.....   30%         6    ######.
 Animate Skeleton         Necr           N/A          1%          1    None
 Corona                   Hex            #####..      1%          1    None
 Infusion                 Chrm           ####         1%          1    None
 Summon Butterflies       Summ           #####...     1%          1    None
 Ensorcelled Hibernation  Hex/Ice        #####.       1%          2    None
 Shroud of Golubria       Chrm/Tloc      #####.       1%          2    None
 Song of Slaying          Chrm           #####...     1%          2    None
 Force Lance              Conj/Tloc      #####...     1%          4    ##.....
 Call Canine Familiar     Summ           #####...     2%          3    None
 Spectral Weapon          Hex/Chrm       #####...     2%          3    None
 Summon Guardian Golem    Hex/Summ       #####...     2%          3    None
 Tukima's Dance           Hex            #####...     2%          3    None
 Leda's Liquefaction      Hex/Erth       #####.....   8%          4    ##.....
 Summon Ice Beast         Ice/Summ       #####...     8%          4    ##.....
 Excruciating Wounds      Chrm/Necr      #####.....   22%         5    ####...
 Metabolic Englaciation   Hex/Ice        #####.....   22%         5    ####...
 Summon Mana Viper        Hex/Summ       #####...     22%         5    ####...
 Summon Hydra             Summ           #####.....   100%        7    #######


Dungeon Overview and Level Annotations

Branches:
Dungeon (11/15)            Temple (0/1) D:5            Lair (3/6) D:10
 Shoals (0/4) Lair:2          Orc (0/2) D:10          Sewer (visited)
 Bailey (visited)
  Snake: Lair:2-4    Spider: Lair:2-4

Altars:
Elyvilon
Kikubaaqudgha
Uskayaw
Vehumet

Shops:
D:5 *

Annotations:
D:10 1 runed translucent door, Mesmaeker13's ghost, journeyman OpCj
Lair:2 1 runed translucent door, Junaliek's ghost, journeyman MiFi
Lair:3 Irhican's ghost, journeyman MiBe


Innate Abilities, Weirdness & Mutations

Your experience applies equally to all skills.
You have very sharp teeth.
Your uncanny sense of smell can sniff out nearby items.


Message History

* * * LOW HITPOINT WARNING * * *
The spiny frog stings you!
* * * LOW HITPOINT WARNING * * *
The blink frog hits your fulminant prism.
The blink frog blinks! x2
Your fulminant prism crackles loudly.
The spiny frog stings you!
* * * LOW HITPOINT WARNING * * *
You are poisoned.
The spiny frog poisons you!
You feel sick.
Your fulminant prism explodes!
The blast of energy engulfs the water moccasin!
The water moccasin is heavily wounded.
Vehumet accepts your kill.
You feel your power returning.
You feel a bit more experienced.
The blast of energy engulfs the plant!
The plant is lightly damaged.
You feel sick. The spiny frog stings you!
You die...

###
########.#######
##..#P.##F.......
#P.....†..†......
#...§.#..##......
##†.#..####......
###S###.###F.F...?
#@#...#....#P.....
##FSP......##..)..
#F.......###.....
##...P...P #.....
....##..## #....#
.## ...... #
##...... .#......


You could see a spiny frog, a blink frog and a water moccasin.

Vanquished Creatures
  Gastronok (D:10)
  A hydra (Lair:2)
  A queen ant (Lair:3)
  4 death yaks (Lair:6)
  An unseen horror (D:10)
  An orc knight (Bailey)
  Maurice (D:9)
  Joseph (D:10)
  A torpor snail (Lair:2)
  4 spiny frogs
  A komodo dragon (Lair:3)
  2 trolls (D:10)
  A polar bear (Lair:6)
  A queen bee (D:8)
  A snapping turtle (Lair:2)
  2 blink frogs (Lair:6)
  A hippogriff (Lair:3)
  4 wyverns
  22 yaks
  A hungry ghost (D:11)
  2 basilisks (Lair:2)
  19 soldier ants (Lair:3)
  5 water moccasins
  2 porcupines
  Purgy (Sewer)
  2 black bears
  2 eyes of draining
  4 sky beasts
  11 orc warriors
  5 ice beasts
  A necrophage (D:7)
  5 phantoms
  7 ogres
  4 wolves (D:10)
  A centaur (D:7)
  3 crocodiles
  A big kobold (D:10)
  8 bullfrogs
  A gnoll sergeant (D:6)
  A water moccasin zombie (D:7)
  6 scorpions
  18 killer bees
  14 wights (D:11)
  A howler monkey (D:8)
  2 electric eels (D:10)
  5 crimson imps
  A centaur zombie (D:5)
  A quasit (D:10)
  4 jellies
  18 orc wizards
  6 orc priests
  3 bullfrog skeletons
  7 hounds
  4 centaur skeletons
  2 iguanas
  Ijyb (D:5)
  23 worker ants
  3 worker ant zombies
  3 gnolls (D:6)
  2 howler monkey skeletons (D:7)
  A howler monkey zombie (D:8)
  12 adders
  2 oozes
  An adder skeleton (D:9)
  3 worms
  2 dart slugs
  4 leopard geckos
  61 orcs
  A giant cockroach (D:4)
  7 goblins
  4 hobgoblins
  12 jackals
  A quokka (D:4)
  5 ball pythons
  4 bats
  5 frilled lizards
  A jackal zombie (D:8)
  19 kobolds
  A leopard gecko skeleton (D:4)
  7 rats
  5 fulminant prisms
  4 fungi
423 creatures vanquished.

Vanquished Creatures (others)
  An ice beast (D:10)
  119 fulminant prisms
  4 fungi (Lair:6)
  A plant (Lair:3)
125 creatures vanquished.

Grand Total: 548 creatures vanquished

Notes
Turn   | Place    | Note
-------+----------+-------------------------------------------
     0 | D:1      | Aviak the Gnoll Conjurer began the quest for the Orb.
     0 | D:1      | Reached XP level 1. HP: 13/13 MP: 6/6
    97 | D:1      | Reached XP level 2. HP: 19/19 MP: 1/7
   269 | D:1      | Learned a level 2 spell: Searing Ray
   551 | D:2      | Reached XP level 3. HP: 15/25 MP: 9/9
   554 | D:2      | Reached skill level 5 in Spellcasting
   827 | D:2      | Reached skill level 1 in Invocations
   955 | D:3      | Found a glowing drain.
   969 | D:3      | Learned a level 3 spell: Dazzling Spray
  1143 | Sewer    | Entered a sewer
  1151 | Sewer    | Reached skill level 1 in Fighting
  1151 | Sewer    | Reached skill level 1 in Short Blades
  1151 | Sewer    | Reached skill level 1 in Long Blades
  1151 | Sewer    | Reached skill level 1 in Axes
  1151 | Sewer    | Reached skill level 1 in Maces & Flails
  1151 | Sewer    | Reached skill level 1 in Polearms
  1151 | Sewer    | Reached skill level 1 in Staves
  1151 | Sewer    | Reached skill level 1 in Slings
  1151 | Sewer    | Reached skill level 1 in Bows
  1151 | Sewer    | Reached skill level 1 in Crossbows
  1151 | Sewer    | Reached skill level 1 in Throwing
  1151 | Sewer    | Reached skill level 1 in Armour
  1151 | Sewer    | Reached skill level 1 in Shields
  1151 | Sewer    | Reached skill level 1 in Unarmed Combat
  1151 | Sewer    | Reached skill level 1 in Evocations
  1241 | Sewer    | Reached XP level 4. HP: 32/32 MP: 11/11
  1249 | Sewer    | Noticed Purgy
  1258 | Sewer    | Killed Purgy
  1258 | Sewer    | Reached skill level 1 in Hexes
  1258 | Sewer    | Reached skill level 1 in Charms
  1258 | Sewer    | Reached skill level 1 in Summonings
  1258 | Sewer    | Reached skill level 1 in Necromancy
  1258 | Sewer    | Reached skill level 1 in Translocations
  1258 | Sewer    | Reached skill level 1 in Transmutations
  1258 | Sewer    | Reached skill level 1 in Fire Magic
  1258 | Sewer    | Reached skill level 1 in Ice Magic
  1258 | Sewer    | Reached skill level 1 in Air Magic
  1258 | Sewer    | Reached skill level 1 in Earth Magic
  1258 | Sewer    | Reached skill level 1 in Poison Magic
  1258 | Sewer    | Reached XP level 5. HP: 27/37 MP: 6/12
  1594 | D:3      | Reached XP level 6. HP: 44/44 MP: 13/13
  1809 | D:4      | Noticed a phantom
  1831 | D:4      | Killed a phantom
  1831 | D:4      | Reached skill level 5 in Dodging
  1874 | D:4      | Found an ancient bone altar of Kikubaaqudgha.
  1876 | D:4      | Found a radiant altar of Vehumet.
  1877 | D:4      | Noticed a phantom
  1886 | D:4      | Killed a phantom
  1886 | D:4      | Reached XP level 7. HP: 42/50 MP: 9/15
  1904 | D:4      | Became a worshipper of Vehumet
  1910 | D:4      | Learned a level 4 spell: Iskenderun's Mystic Blast
  1915 | D:4      | Learned a level 4 spell: Fulminant Prism
  2436 | D:5      | Entered Level 5 of the Dungeon
  2442 | D:5      | Found a staircase to the Ecumenical Temple.
  2456 | D:5      | Reached skill level 5 in Stealth
  2504 | D:5      | Noticed Ijyb
  2512 | D:5      | Killed Ijyb
  2607 | D:5      | Reached XP level 8. HP: 57/57 MP: 8/16
  2908 | D:5      | Reached * piety under Vehumet
  2908 | D:5      | Offered knowledge of Flame Tongue by Vehumet.
  2913 | D:5      | Learned a level 3 spell: Confuse
  2979 | D:5      | Found Tyintor's Assorted Antiques.
  3007 | D:5      | Bought a scroll of identify for 52 gold pieces
  3007 | D:5      | Bought a scroll labeled EDAKAR SAFISIO for 26 gold pieces
  3007 | D:5      | Bought a sedimented purple potion for 23 gold pieces
  3007 | D:5      | Bought a scroll labeled GOEM OTHRAWAS for 26 gold pieces
  3667 | D:7      | Reached XP level 9. HP: 61/65 MP: 14/18
  3766 | D:7      | Found a hide-covered altar of Uskayaw.
  3908 | D:7      | Reached ** piety under Vehumet
  3917 | D:7      | Offered knowledge of Throw Frost by Vehumet.
  4078 | D:7      | Found a flagged portal.
  4085 | Bailey   | Entered a bailey
  4130 | Bailey   | Offered knowledge of Inner Flame by Vehumet.
  4158 | Bailey   | Learned a level 3 spell: Inner Flame
  4351 | Bailey   | Noticed an orc knight
  4351 | Bailey   | Noticed an orc knight
  4355 | Bailey   | Reached *** piety under Vehumet
  4358 | Bailey   | Reached skill level 5 in Invocations
  4367 | Bailey   | Noticed an orc knight
  4371 | Bailey   | Killed an orc knight
  4371 | Bailey   | Reached XP level 10. HP: 30/73 MP: 17/20
  4374 | Bailey   | HP: 2/73 [orc knight/+0 halberd (29)]
  4398 | Bailey   | Noticed an orc knight
  4800 | D:7      | Reached skill level 5 in Fighting
  4800 | D:7      | Reached skill level 5 in Short Blades
  4800 | D:7      | Reached skill level 5 in Long Blades
  4800 | D:7      | Reached skill level 5 in Axes
  4800 | D:7      | Reached skill level 5 in Maces & Flails
  4800 | D:7      | Reached skill level 5 in Polearms
  4800 | D:7      | Reached skill level 5 in Staves
  4800 | D:7      | Reached skill level 5 in Slings
  4800 | D:7      | Reached skill level 5 in Bows
  4800 | D:7      | Reached skill level 5 in Crossbows
  4800 | D:7      | Reached skill level 5 in Throwing
  4800 | D:7      | Reached skill level 5 in Armour
  4800 | D:7      | Reached skill level 5 in Shields
  4800 | D:7      | Reached skill level 5 in Unarmed Combat
  4800 | D:7      | Reached skill level 5 in Evocations
  4807 | D:7      | Offered knowledge of Static Discharge by Vehumet.
  5445 | D:7      | Reached **** piety under Vehumet
  5792 | D:8      | Offered knowledge of Stone Arrow by Vehumet.
  5836 | D:8      | Found a white marble altar of Elyvilon.
  6285 | D:9      | Identified Wify's Almanac of the Sinister Oath
  6307 | D:9      | Reached XP level 11. HP: 61/81 MP: 22/22
  6322 | D:9      | Noticed Maurice
  6331 | D:9      | Killed Maurice
  6748 | D:9      | Reached skill level 5 in Hexes
  6748 | D:9      | Reached skill level 5 in Charms
  6748 | D:9      | Reached skill level 5 in Summonings
  6748 | D:9      | Reached skill level 5 in Necromancy
  6748 | D:9      | Reached skill level 5 in Translocations
  6748 | D:9      | Reached skill level 5 in Transmutations
  6748 | D:9      | Reached skill level 5 in Fire Magic
  6748 | D:9      | Reached skill level 5 in Ice Magic
  6748 | D:9      | Reached skill level 5 in Air Magic
  6748 | D:9      | Reached skill level 5 in Earth Magic
  6748 | D:9      | Reached skill level 5 in Poison Magic
  6803 | D:9      | Reached ***** piety under Vehumet
  6803 | D:9      | Offered knowledge of Lightning Bolt by Vehumet.
  7576 | D:10     | Entered Level 10 of the Dungeon
  7601 | D:10     | Noticed Gastronok
  7655 | D:9      | Learned a level 3 spell: Regeneration
  7916 | D:10     | Killed Gastronok
  8021 | D:10     | Killed an unseen horror
  8334 | D:10     | Found a runed translucent door.
  8421 | D:10     | Noticed Mesmaeker13's ghost (journeyman OpCj)
  8438 | D:10     | Found a staircase to the Orcish Mines.
  8489 | D:10     | Noticed Joseph
  8509 | D:10     | Reached XP level 12. HP: 9/89 MP: 23/24
  8509 | D:10     | Killed Joseph
  8710 | D:10     | Found a staircase to the Lair.
  8985 | D:11     | Offered knowledge of Freezing Cloud by Vehumet.
  9683 | Lair:1   | Entered Level 1 of the Lair of Beasts
 10519 | Lair:2   | Found a runed translucent door.
 10519 | Lair:2   | Noticed Junaliek's ghost (journeyman MiFi)
 10650 | Lair:2   | Noticed a five-headed hydra
 10659 | Lair:2   | Killed a five-headed hydra
 10795 | Lair:2   | Found a staircase to the Shoals.
 11352 | Lair:3   | Noticed a queen ant
 11368 | Lair:3   | Killed a queen ant
 11368 | Lair:3   | Reached XP level 13. HP: 88/98 MP: 4/26
 11372 | Lair:3   | Offered knowledge of Ozocubu's Refrigeration by Vehumet.
 11409 | Lair:3   | Noticed a minotaur
 11410 | Lair:3   | Noticed Irhican's ghost (journeyman MiBe)
 11429 | Lair:3   | You fall into a shaft and drop 3 floors!
 11429 | Lair:6   | Entered Level 6 of the Lair of Beasts
 11559 | Lair:6   | HP: 4/98 [spiny frog (10)]
 11561 | Lair:6   | Mangled by a spiny frog

Levels and vault maps discovered:
D:1:      nzn_arrival_settlement, layout_basic, dk_noncrumbling_4
D:2:      layout_rooms
D:3:      layout_loops_corners, portal_sewer_entry_a, uniq_crazy_yiuf_cottage
D:4:      layout_loops_ring, grunt_temple_overflow_open
D:5:      layout_cave_pods, minmay_temple_entry_wispy, first_ration,
          serial_shops, nicolae_shop_overgrown_old_shop, uniq_ijyb
D:6:      layout_rooms, minmay_hollow_rounded_squares
D:7:      layout_loops_ring, eat_drink_and_be_merry_uskayaw, enter_bailey_2,
          minmay_misc_feat_room
D:8:      layout_rooms, elyvilon_altar_5, david_nohive_1
D:9:      minmay_the_grid_square_5x5_3x3
          [minmay_the_grid_square_5x5_three_small,
          minmay_the_grid_square_5x5_two_walls_a,
          minmay_the_grid_square_5x5_forky, minmay_the_grid_square_5x5_v,
          minmay_the_grid_square_5x5_megaprize_hollow,
          minmay_the_grid_square_5x5_fancy_junction,
          minmay_the_grid_square_5x5_detours,
          minmay_the_grid_square_5x5_two_small, minmay_the_grid_square_5x5_z],
          layout_basic, uniq_maurice
D:10:     layout_basic, erik_lair_island, orc_0_dummy,
          ebering_ghost_inner_flame, uniq_joseph, uniq_gastronok
D:11:     layout_loops_ring
Lair:1:   layout_regular_city
Lair:2:   layout_long_grid, minmay_shoals_entry_hut, ebering_ghost_inner_flame,
          minivault_11
Lair:3:   layout_chaotic_city, portal_ice_cave_entry_ice_beasts,
          maelrawn_ghost_gauntlet_escape, minivault_29
Lair:6:   wormcave, layout_regular_city, hangedman_lair_caniforms_friends

Skill      XL: |  1  2  3  4  5  6  7  8  9 10 11 12 13 |
---------------+----------------------------------------+-----
Spellcasting   | 5 6 7 8 9 |  9.5
Invocations    | 1 2 3 4 5 6 7 8 |  8.7
Fighting       | 1 2 3 4 5 6 7 8 |  8.0
Short Blades   | 1 2 3 4 5 6 7 8 |  8.0
Long Blades    | 1 2 3 4 5 6 7 8 |  8.0
Axes           | 1 2 3 4 5 6 7 8 |  8.0
Maces & Flails | 1 2 3 4 5 6 7 8 |  8.0
Polearms       | 1 2 3 4 5 6 7 8 |  8.0
Staves         | 1 2 3 4 5 6 7 8 |  8.0
Slings         | 1 2 3 4 5 6 7 8 |  8.0
Bows           | 1 2 3 4 5 6 7 8 |  8.0
Crossbows      | 1 2 3 4 5 6 7 8 |  8.0
Throwing       | 1 2 3 4 5 6 7 8 |  8.0
Armour         | 1 2 3 4 5 6 7 8 |  8.0
Shields        | 1 2 3 4 5 6 7 8 |  8.0
Unarmed Combat | 1 2 3 4 5 6 7 8 |  8.0
Evocations     | 1 2 3 4 5 6 7 8 |  8.0
Hexes          | 1 2 3 4 5 6 |  6.6
Charms         | 1 2 3 4 5 6 |  6.6
Summonings     | 1 2 3 4 5 6 |  6.6
Necromancy     | 1 2 3 4 5 6 |  6.6
Translocations | 1 2 3 4 5 6 |  6.6
Transmutations | 1 2 3 4 5 6 |  6.6
Fire Magic     | 1 2 3 4 5 6 |  6.6
Ice Magic      | 1 2 3 4 5 6 |  6.6
Air Magic      | 1 2 3 4 5 6 |  6.6
Earth Magic    | 1 2 3 4 5 6 |  6.6
Poison Magic   | 1 2 3 4 5 6 |  6.6
Dodging        | 5 6 7 8 9 |  9.3
Stealth        | 5 6 7 8 9 |  9.1
Conjurations   | 8 9 |  9.8

Action                   |  1- 3 |  4- 6 |  7- 9 | 10-12 | 13-15 || total
-------------------------+-------+-------+-------+-------+-------++-------
Melee: Short sword       |    52 |    48 |   227 |   516 |    30 ||   873
       Bite              |     2 |     1 |    32 |    66 |     5 ||   106
       Punch             |       |       |     3 |       |       ||     3
 Cast: Magic Dart        |    25 |     1 |     5 |    11 |       ||    42
       Searing Ray       |     5 |     8 |    10 |     9 |       ||    32
       Dazzling Spray    |       |     2 |     2 |    18 |     1 ||    23
       Fulminant Prism   |       |       |    18 |    96 |    10 ||   124
       Inner Flame       |       |       |     2 |     7 |       ||     9
       Confuse           |       |       |       |    22 |       ||    22
       Iskenderun's Myst |       |       |       |    65 |     6 ||    71
       Regeneration      |       |       |       |     7 |     1 ||     8
Evoke: Wand              |       |       |     1 |     3 |     2 ||     6
  Use: Scroll            |     2 |     1 |     8 |    10 |     1 ||    22
       Potion            |       |       |       |     5 |     1 ||     6
 Stab: Sleeping          |     8 |     3 |    11 |     8 |     1 ||    31
       Invisible         |       |     2 |       |     2 |       ||     4
       Confused          |       |       |       |     7 |       ||     7
       Distracted        |       |       |       |     2 |       ||     2
  Eat: Chunk             |     1 |     2 |    11 |    19 |       ||    33
       Ration            |       |       |       |     5 |       ||     5
Armor: Robe              |     8 |     5 |       |       |       ||    13
       Ring mail         |       |    10 |    88 |   173 |     9 ||   280
Dodge: Dodged            |    55 |    47 |   108 |   348 |    34 ||   592
Block: Buckler           |       |       |    22 |   169 |    17 ||   208
